 Dungeon Crawl Stone Soup version 0.28-a0-1518-gbe868bca14 (webtiles) character file.

Game seed: 13522248124082958372

23 bande the Covered (level 3, 0/23 HPs)
             Began as a Gargoyle Fighter on Jan 16, 2022.
             Slain by a hobgoblin (4 damage)
             ... on level 2 of the Dungeon.
             The game lasted 00:01:34 (1716 turns).

bande the Covered (Gargoyle Fighter)                Turns: 1716, Time: 00:01:34

Health: 0/23       AC: 13    Str: 19    XL:     3   Next: 0%
Magic:  3/3        EV:  7    Int:  8    God:
Gold:   43         SH:  4    Dex: 11    Spells: 2/2 levels left

rFire   . . .      SeeInvis .   a - +0 war axe
rCold   . . .      Faith    .   c - +0 buckler
rNeg    + . .      Spirit   .   n - +0 chain mail
rPois   ∞          Reflect  .   (no helmet)
rElec   +          Harm     .   (no cloak)
rCorr   .          Rampage  .   e - +0 pair of gloves
Will    .....                   (no boots)
Stlth   ..........              (no amulet)
HPRegen 0.07/turn               (no ring)
MPRegen 0.08/turn               (no ring)

@: no status effects
A: sickness immunity, AC +3, negative energy resistance 1, electricity
resistance, torment resistance 1, petrification resistance
a: no special abilities


You were on level 2 of the Dungeon.
You visited 1 branch of the dungeon, and saw 2 of its levels.

You collected 43 gold pieces.

Inventory:

Hand Weapons
 a - a +0 war axe (weapon)
Armour
 c - a +0 buckler (worn)
 e - a +0 pair of gloves (worn)
 n - a +0 chain mail (worn)
Jewellery
 h - a ring of ice
Scrolls
 f - a scroll of fog {unknown}
 i - 2 scrolls of noise {unknown}
 j - a scroll of vulnerability {unknown}
 m - a scroll of teleportation {unknown}
Potions
 d - a potion of might
 g - a potion of invisibility {unknown}
 k - a potion of attraction {unknown}
 l - a potion of mutation {unknown}


   Skills:
 + Level 3.6 Fighting
 + Level 2.1 Axes
 + Level 3.6 Armour
 + Level 3.6 Shields


You had 2 spell levels left.
You didn't know any spells.
Your spell library was empty.

Dungeon Overview and Level Annotations

Branches:
Dungeon (2/15)

Altars:

Shops:
D:1 [

Annotations:
D:2 Terence


Innate Abilities, Weirdness & Mutations

You are immune to sickness and miasma.
Your stone body is resilient. (AC +3)
You are immune to poison.
You resist negative energy. (rN+)
You are resistant to electric shocks. (rElec)
You are resistant to unholy torment.
You are immune to petrification.


Message History

An endoplasm comes into view.
The endoplasm quivers.
An endoplasm is nearby!
You hit the endoplasm but do no damage.
The endoplasm hits you but does no damage.
You slash the endoplasm!
You kill the endoplasm!
You have reached level 3!
Your experience leads to an increase in your attributes!
Increase (S)trength, (I)ntelligence, or (D)exterity?
You feel agile. x2
Terence the Incautious comes into view.
He is wielding a +0 hand axe.
Terence shouts!
A kobold comes into view. It is wielding a +0 short sword.
There are monsters nearby!
The kobold shouts!
A hobgoblin comes into view.
A bat comes into view.
The hobgoblin shouts!
Terence hits you with a +0 hand axe. You block the bat's attack.
You slash Terence!
Terence is moderately wounded.
You barely miss the kobold. You hit the bat.
The bat hits you but does no damage. You block the kobold's attack.
Terence hits you but does no damage. The bat hits you but does no damage.
The kobold hits you with a +0 short sword.
Terence hits you with a +0 hand axe.
You hit Terence.
Terence is heavily wounded.
You miss the kobold. You miss the bat. The bat hits you but does no damage. x2
The kobold hits you but does no damage. Terence hits you with a +0 hand axe.
* * * LOW HITPOINT WARNING * * *
You closely miss Terence.
Terence is heavily wounded.
You hit the hobgoblin but do no damage. You hit the bat.
You kill the bat!
You barely miss the kobold. The hobgoblin closely misses you.
You block the kobold's attack. You block Terence's attack.
The hobgoblin hits you.
You die...

...........
..........
.......... .........
.........
........#####
......K†g...#
......@@....#
............#
............#
..######....# .
###....############
....................
####....############
#....# ######


You could see Terence, a hobgoblin and a kobold.

Vanquished Creatures
  A dart slug (D:1)
  3 bats
  4 endoplasms
  A goblin (D:1)
  2 hobgoblins (D:1)
  A quokka (D:1)
  3 ball pythons (D:1)
  2 frilled lizards (D:1)
  3 kobolds (D:1)
20 creatures vanquished.

Notes
Turn   | Place    | Note
-------+----------+-------------------------------------------
     0 | D:1      | bande the Gargoyle Fighter began the quest for the Orb.
     0 | D:1      | Reached XP level 1. HP: 14/14 MP: 1/1
   477 | D:1      | Reached XP level 2. HP: 19/19 MP: 2/2
   593 | D:1      | Found Peoclich's Antique Armour Shop.
   688 | D:1      | Found a faded altar of an unknown god.
  1710 | D:2      | Reached XP level 3. HP: 23/23 MP: 3/3
  1710 | D:2      | Noticed Terence
  1716 | D:2      | Slain by a hobgoblin

Illustrated notes

Levels and vault maps discovered:
D:1:      amcnicky_arrival_blooded_trapdoor, layout_loops_corners,
          basic_ecumenical_altar, serial_shops, shop_fountains
D:2:      layout_basic, basic_altar, amethyst_killhole, uniq_natasha,
          uniq_terence

Skill      XL: |  1  2 |
---------------+-------+-----
Axes           | 2 |  2.1
Fighting       | |  3.6
Armour         | |  3.6
Shields        | |  3.6

Action                   || total
-------------------------++-------
Melee: War axe           ||    59
Armor: Scale mail        ||    29
       Chain mail        ||     7
Dodge: Dodged            ||    28
Block: Buckler           ||    18

Table legend: (Time is in decaauts)
 A = Elapsed time spent in this place.
 B = Non-inter-level travel time spent in this place.
 C = Inter-level travel time spent in this place.
 D = Time resting spent in this place.
 E = Time spent auto-exploring this place.
 F = Levels seen in this place.
 G = Mean time per level.
                   A        B        C        D        E       F      G
               +--------+--------+--------+--------+--------+-----+--------+
         Total |   1741 |   1708 |     33 |    264 |   1257 |   2 |  870.5 |
       Dungeon |   1741 |   1708 |     33 |    264 |   1257 |   2 |  870.5 |
               +--------+--------+--------+--------+--------+-----+--------+

Top non-repeatable levels by time:
     D:1: 1608 daAuts
     D:2: 132 daAuts
